AoeStats
← n0A1m - ReadMyProfile :)

Fortress

509174250Analyzed
2v2 RM · 8d ago on Sep 25, 2026· 35m 55s· 4 players
Game mode
Random Map
Map size
Normal (6 player)
Population
200
Speed
Normal
Resources
Standard
Victory
Conquest
Starting age
Dark Age
Ending age
Imperial Age
RankedLock teamsTeams togetherTeam positionsShared explorationLock speedFull tech treeHidden civsTurbo modeCheats
Victory
Defeat
🇬🇧 Saxons · United Kingdom
1123
+14
🇵🇱 Danes · Poland
1092
+16
1087
-15
🇩🇪 Teutons · Germany
1087
-15
kommie
0:58 Loom
7:53 Feudal Age
8:24 Town Watch
8:27 Double-Bit Axe
8:26 Horse Collar
11:06 Wheelbarrow
10:54 Gold Mining
11:22 Stone Mining
17:40 Castle Age
15:54 Arson
16:03 Fletching
17:00 Forging
16:51 Scale Mail Armor
18:28 Heavy Plow
18:42 Squires
19:02 Bow Saw
19:07 Hamask
20:22 Ballistics
21:16 Bloodlines
21:45 Gold Shaft Mining
21:55 Murder Holes
22:21 Guard Tower
24:36 Masonry
25:38 Iron Casting
27:13 Stone Shaft Mining
26:43 Husbandry
32:14 Imperial Age
32:22 Capped Ram
33:10 Bodkin Arrow
33:31 Chain Mail Armor
34:30 Conscription
33:59 Arrowslits
34:53 Elite Varangian Guard
david.down
7:05 Feudal Age
7:38 Horse Collar
7:45 Double-Bit Axe
12:21 Castle Age
10:23 Gold Mining
13:45 Bow Saw
14:13 Wheelbarrow
13:57 Heavy Plow
14:46 Loom
15:58 Hand Cart
24:14 Imperial Age
22:23 Town Watch
23:23 Gold Shaft Mining
22:39 Stone Mining
22:44 Fletching
25:57 Bodkin Arrow
26:05 Sappers
26:46 Bracer
28:06 Crop Rotation
28:02 Conscription
28:15 Squires
28:29 Forging
28:19 Scale Mail Armor
31:20 Two-Man Saw
30:37 Chain Mail Armor
30:58 Iron Casting
30:25 Elite Hearth Troop
32:40 Hoardings
33:05 Plate Mail Armor
34:19 Masonry
34:34 Shield Wall
35:18 Cavalier
noAim - R3adMyProfile :)
9:00 Feudal Age
7:17 Loom
9:48 Gold Mining
9:42 Horse Collar
9:50 Double-Bit Axe
10:42 Wheelbarrow
9:53 Town Watch
16:54 Castle Age
16:49 Bloodlines
17:55 Fletching
18:05 Padded Archer Armor
18:14 Scale Barding Armor
18:19 Forging
18:40 Hand Cart
19:11 Stone Mining
20:54 Town Patrol
21:27 Bodkin Arrow
22:45 Bow Saw
25:20 Ballistics
25:11 Fortified Wall
25:33 Leather Archer Armor
26:06 Murder Holes
n0A1m - ReadMyProfile :)
7:35 Feudal Age
11:17 Castle Age
9:20 Double-Bit Axe
9:31 Horse Collar
13:45 Bow Saw
17:36 Wheelbarrow
16:50 Town Watch
17:57 Heavy Plow
19:10 Hand Cart
20:41 Gold Mining
20:43 Loom
24:35 Imperial Age
23:23 Squires
25:32 Scale Mail Armor
26:37 Chemistry
25:49 Masonry
26:03 Ballistics
26:09 Conscription
28:51 Chain Mail Armor
28:45 Siege Engineers
28:51 Masonry
28:54 Fortified Wall
30:16 Two-Man Saw
30:47 Crop Rotation
31:14 Plate Mail Armor
30:54 Forging
30:35 Fletching
32:20 Conscription
33:42 Iron Casting
32:48 Elite Teutonic Knight
37:02 Blast Furnace
35:58 Bodkin Arrow
Connection lost

Rejoining the realm…

Still unreachable

The connection could not be restored.

Session expired

The server has moved on; the page needs a fresh start.